 Dungeon Crawl Stone Soup version 0.29-a0-973-gac7da5f7f0 (webtiles) character file.

Game seed: 6048836187428867886

6746 freelancePsychic the Fighter (level 11, 0/62 HPs)
             Began as a Vine Stalker Fire Elementalist on July 31, 2022.
             Was an Initiate of Gozag.
             Slain by a two-headed ogre
             ... wielding a +0 giant spiked club
              (18 damage)
             ... on level 9 of the Dungeon.
             The game lasted 00:19:45 (12039 turns).

freelancePsychic the Fighter (VSFE)                Turns: 12039, Time: 00:19:45

Health: 0/62       AC: 11    Str: 11    XL:     11   Next: 4%
Magic:  0/19       EV: 12    Int: 28    God:    Gozag
Gold:   558        SH:  5    Dex: 12    Spells: 13/20 levels left

rFire   + . .      SeeInvis .   a - +0 dagger (venom)
rCold   . . .      Faith    .   j - +0 buckler
rNeg    . . .      Spirit   +   g - +0 robe
rPois   .          Reflect  .   (no helmet)
rElec   .          Harm     .   m - +0 cloak
rCorr   .          Rampage  .   y - +0 pair of gloves
Will    +....                   e - +2 pair of boots
Stlth   ++........              (no amulet)
HPRegen 1.00/turn               x - +4 ring of protection
MPRegen 0.16/turn               w - ring "Qaekubut" {rF+ Int+9 Dex-3 Slay+3}

@: no status effects
A: fangs 3, regeneration 1, magic shield, antimagic bite, no potion heal 2
a: Renounce Religion, Potion Petition, Call Merchant, Bribe Branch


You were on level 9 of the Dungeon.
You worshipped Gozag.
Gozag was pleased with you.
You visited 1 branch of the dungeon, and saw 9 of its levels.
You also visited: Bailey.

You collected 1860 gold pieces.
You spent 780 gold pieces at shops.
You paid 522 gold pieces to Gozag.

Inventory:

Hand Weapons
 a - a +0 dagger of venom (weapon)
Missiles
 l - 9 curare-tipped darts (quivered)
Armour
 e - a +2 pair of boots (worn)
 g - a +0 robe (worn)
 j - a +0 buckler (worn)
 m - a +0 cloak (worn)
 s - an orb of light
 y - a +0 pair of gloves (worn)
Magical Staves
 b - a staff of poison
Jewellery
 i - a ring of flight
 w - the ring "Qaekubut" (right hand) {rF+ Int+9 Dex-3 Slay+3}
   (You acquired it on level 7 of the Dungeon)

   [ring of protection from fire]

   Int:       It affects your intelligence (+9).
   Dex:       It affects your dexterity (-3).
   Slay:      It affects your accuracy & damage with ranged weapons and melee
   (+3).
   rF:        It protects you from fire.
 x - a +4 ring of protection (left hand)
Wands
 n - a wand of mindburst (6)
 p - a wand of digging (3)
 u - a wand of charming (9)
 v - a wand of polymorph (19)
 E - a wand of flame (12)
Scrolls
 d - 4 scrolls of teleportation {@r4}
 q - 2 scrolls of enchant weapon
 r - a scroll of fog
 A - a scroll of silence {unknown}
 C - a scroll of fear {unknown}
Potions
 c - 6 potions of curing {@q1}
 f - a potion of cancellation {unknown}
 k - 4 potions of heal wounds {unknown}
 o - a potion of brilliance {unknown}
 t - 2 potions of flight {unknown}
 z - 2 potions of magic
 B - a potion of mutation {unknown}
 D - 2 potions of attraction {unknown}


   Skills:
 * Level 9.3 Fighting
 + Level 1.7 Staves
 - Level 2.5 Dodging
 - Level 2.4 Stealth
 - Level 4.0 Shields
 - Level 5.2 Spellcasting
 - Level 7.4 Conjurations
 - Level 7.9 Fire Magic
 + Level 1.9 Poison Magic


You had 13 spell levels left.
You knew the following spells:

 Your Spells              Type           Power      Damage    Failure   Level
a - Foxfire               Conj/Fire      100%       2x1d9     1%          1
b - Scorch                Fire           100%       2d10      1%          2
c - Flame Wave            Conj/Fire      50%        2d12      3%          4

Your spell library contained the following spells:

 Spells                   Type           Power      Damage    Failure   Level
 Magic Dart               Conj           100%       1d8       1%          1
 Searing Ray              Conj           98%        2d8       1%          2
 Conjure Flame            Conj/Fire      50%        6-21      1%          3
 Inner Flame              Hex/Fire       29%        N/A       4%          3
 Sting                    Tmut/Pois      48%        1d5       5%          1
 Poisonous Vapours        Pois/Air       24%        N/A       9%          2
 Fulminant Prism          Conj/Hex       14%        3d9       19%         4
 Gell's Gravitas          Tloc           7%         N/A       26%         3
 Teleport Other           Tloc           7%         N/A       26%         3
 Olgreb's Toxic Radiance  Pois           18%        N/A       36%         4
 Summon Ice Beast         Ice/Summ       7%         N/A       63%         4
 Summon Mana Viper        Hex/Summ       7%         N/A       93%         5
 Dispersal                Tloc           3%         N/A       100%        6
 Monstrous Menagerie      Summ           3%         N/A       100%        7


Dungeon Overview and Level Annotations

Branches:
Dungeon (9/15)             Temple (0/1) D:4            Lair (0/5) D:8
 Bailey (visited)
    Orc: D:9-12

Altars:
Elyvilon
Gozag
Qazlal
Trog
Uskayaw
Vehumet
Wu Jian

Shops:
D:7 *   D:8 ?


Innate Abilities, Weirdness & Mutations

You have razor-sharp teeth.
Your natural rate of healing is unusually fast.
When hurt, damage is shared between your health and your magic reserves.
Your bite disrupts and absorbs the magic of your enemies.
Potions cannot restore your health.


Message History

A two-headed ogre comes into view.
It is wielding a +0 giant spiked club and a +0 giant club.
Found 23 gold pieces.
Casting: Flame Wave (dangerous; 3% risk of failure)
Confirm with . or Enter, or press ? or * to list all spells.
Okay, then.
Okay, then.
Really read the scroll of poison?
The air fills with toxic fumes!
As you read the scroll of poison, it crumbles to dust.
Casting: Flame Wave (dangerous; 3% risk of failure)
Confirm with . or Enter, or press ? or * to list all spells.
Flames lash the two-headed ogre.
The two-headed ogre is lightly wounded.
The two-headed ogre's fire resistance burns away.
The two-headed ogre is poisoned.
The two-headed ogre hits you with a +0 giant spiked club!!
The two-headed ogre hits you with a +0 giant club!
Okay, then.
Casting: Scorch (safe; 1% risk of failure)
Confirm with . or Enter, or press ? or * to list all spells.
Flames lash the two-headed ogre.
The two-headed ogre is burned terribly!
The two-headed ogre is moderately wounded.
The two-headed ogre is engulfed in poison gas.
The two-headed ogre looks even sicker.
The two-headed ogre closely misses you.
The two-headed ogre hits you with a +0 giant club!
* * * LOW HITPOINT WARNING * * *
Okay, then.
Okay, then.
Casting: Scorch (safe; 1% risk of failure)
Confirm with . or Enter, or press ? or * to list all spells.
Flames lash the two-headed ogre.
The two-headed ogre is burned terribly!
The two-headed ogre is heavily wounded.
You barely miss the two-headed ogre. Your bite misses the two-headed ogre.
The two-headed ogre is heavily wounded.
The two-headed ogre is engulfed in poison gas.
The two-headed ogre looks even sicker.
The two-headed ogre completely misses you.
The two-headed ogre hits you with a +0 giant club!!
You die...
Your body crumbles into a pile of gold.

#§§§§§# #§§§§§#
#§§§§§# §§§§§# §§§§#
.§§ ###O# #§§@# #§###
####### ##'#######
......### #....[...#
......'.## #........#
......#..####........#
......##...##........#
......####.##........#
......# #..'........#


You could see a two-headed ogre (very poisoned, combustible).

Vanquished Creatures
  Pikel (D:6)
  An orc knight (Bailey)
  A troll (D:8)
  A hornet (D:9)
  Sigmund (D:6)
  A wyvern (D:9)
  2 steam dragons
  Menkaure (D:4)
  Edmund (D:5)
  5 water moccasins
  11 orc warriors
  A sky beast (D:7)
  An ice beast (D:8)
  A black bear (D:4)
  An ogre (D:5)
  2 wolves (D:8)
  A centaur (D:8)
  A lemure (D:6)
  A phantom (D:6)
  3 kobold brigands
  2 bullfrogs
  Blork the orc (D:4)
  A gnoll sergeant (D:9)
  5 wights
  9 killer bees
  4 electric eels (D:8)
  3 howler monkeys
  8 hounds
  5 orc priests
  A gnoll bouda (D:8)
  Crazy Yiuf (D:5)
  4 iguanas
  Terence (D:3)
  7 orc wizards
  4 adders
  7 gnolls
  4 ufetubi
  5 worms
  4 dart slugs
  47 orcs
  3 ball pythons
  7 bats
  4 endoplasms
  12 goblins
  13 hobgoblins
  2 jackals (D:2)
  4 quokkas
  3 frilled lizards
  10 kobolds
  8 rats
227 creatures vanquished.

Vanquished Creatures (others)
  A white imp (D:8)
  291 foxfires
292 creatures vanquished.

Grand Total: 519 creatures vanquished

Notes
Turn   | Place    | Note
-------+----------+-------------------------------------------
     0 | D:1      | freelancePsychic the Vine Stalker Fire Elementalist began
                  | the quest for the Orb.
     0 | D:1      | Reached XP level 1. HP: 9/9 MP: 4/4
   170 | D:1      | Reached XP level 2. HP: 14/14 MP: 0/6
   527 | D:1      | Learned a level 2 spell: Scorch
   782 | D:1      | Found a faded altar of an unknown god.
  1067 | D:2      | Reached XP level 3. HP: 17/17 MP: 0/7
  1133 | D:2      | Found an opulent altar of Gozag.
  1157 | D:2      | Became a worshipper of Gozag Ym Sagoz the Greedy
  1211 | D:2      | Reached skill level 1 in Fighting
  1474 | D:2      | Gained mutation: Your natural rate of healing is unusually
                  | fast. [Vine Stalker growth]
  1474 | D:2      | Reached XP level 4. HP: 22/22 MP: 6/9
  2591 | D:3      | Reached XP level 5. HP: 26/26 MP: 5/10
  2932 | D:3      | Noticed Terence
  2944 | D:3      | Killed Terence
  3077 | D:3      | Reached skill level 2 in Fighting
  3196 | D:3      | Found a radiant altar of Vehumet.
  3649 | D:4      | Noticed Blork the orc
  3651 | D:4      | Killed Blork the orc
  3652 | D:4      | Reached XP level 6. HP: 31/31 MP: 9/12
  3955 | D:4      | Noticed Menkaure
  3955 | D:4      | Noticed a black bear
  4033 | D:4      | Found a staircase to the Ecumenical Temple.
  4171 | D:4      | Learned a level 4 spell: Flame Wave
  4467 | D:4      | Killed a black bear
  4468 | D:4      | Reached XP level 7. HP: 35/35 MP: 9/14
  4540 | D:4      | Killed Menkaure
  4541 | D:4      | Reached skill level 3 in Fighting
  4897 | D:5      | Entered Level 5 of the Dungeon
  4901 | D:5      | Reached skill level 5 in Fire Magic
  5014 | D:5      | Noticed Edmund
  5020 | D:5      | Killed Edmund
  5021 | D:5      | Reached skill level 4 in Fighting
  5021 | D:5      | Gained mutation: You have razor-sharp teeth. [Vine Stalker
                  | growth]
  5021 | D:5      | Reached XP level 8. HP: 42/42 MP: 5/16
  5329 | D:5      | Found a runed translucent door.
  5334 | D:5      | Noticed Crazy Yiuf
  5476 | D:5      | Reached skill level 5 in Spellcasting
  6008 | D:5      | Killed Crazy Yiuf
  6209 | D:6      | Found a white marble altar of Elyvilon.
  6378 | D:6      | Reached skill level 5 in Fighting
  6378 | D:6      | Reached skill level 1 in Shields
  6587 | D:6      | Noticed Sigmund
  6599 | D:6      | Killed Sigmund
  6600 | D:6      | Reached skill level 5 in Conjurations
  6661 | D:6      | Reached XP level 9. HP: 47/47 MP: 7/17
  7401 | D:7      | Noticed Pikel
  7412 | D:6      | Killed Pikel
  7413 | D:6      | Reached skill level 6 in Fighting
  7532 | D:7      | Found Pirhun's General Store.
  7561 | D:7      | Found a flagged portal.
  7654 | Bailey   | Entered a bailey
  8190 | Bailey   | Noticed an orc knight
  8198 | Bailey   | Killed an orc knight
  8199 | Bailey   | Reached skill level 7 in Fighting
  8199 | Bailey   | Reached XP level 10. HP: 24/55 MP: 1/18
  8293 | Bailey   | Identified the +8 arbalest "Amus" {vorpal, Contam Will+
                  | Int+5}
  9321 | D:7      | Reached skill level 8 in Fighting
  9722 | D:7      | Bought a scroll of acquirement for 780 gold pieces
  9722 | D:7      | Acquired the ring "Qaekubut" {rF+ Int+9 Dex-3 Slay+3}
 10517 | D:8      | Found a staircase to the Lair.
 10567 | D:8      | Found Jauwnix's Magic Scroll Shop.
 10871 | D:8      | Found a stormy altar of Qazlal.
 11461 | D:9      | Reached skill level 9 in Fighting
 11463 | D:9      | Reached skill level 1 in Staves
 11463 | D:9      | Reached skill level 1 in Poison Magic
 11486 | D:9      | Reached XP level 11. HP: 62/62 MP: 3/19
 11592 | D:9      | Found a hide-covered altar of Uskayaw.
 11936 | D:9      | Found an ornate altar of the Wu Jian Council.
 11937 | D:9      | Found a bloodstained altar of Trog.
 12034 | D:9      | Noticed a two-headed ogre
 12039 | D:9      | Slain by a two-headed ogre

Illustrated notes

Levels and vault maps discovered:
D:1:      sevenhm_arrival_forest_fort_large_1, layout_basic,
          shapermc_ecumenical_altar_petra
D:2:      layout_basic, basic_altar, minmay_vboxes
D:3:      layout_basic, lemuel_tele_altar, uniq_terence
D:4:      layout_loops_ring, minmay_temple_entry_sparse_star, minivault_4,
          uniq_menkaure, uniq_blork_the_orc
D:5:      layout_loops_ring, st_stairs_3, uniq_edmund, uniq_crazy_yiuf_cottage
D:6:      layout_loops_cross, nicolae_overflow_crystal_walls, uniq_sigmund
D:7:      cheibrodos_helix_gallery, layout_loops_cross, serial_shops,
          kennysheep_little_box, enter_bailey_5, uniq_pikel
D:8:      layout_basic, mainiacjoe_overflow_six_doors_small, erik_lair_island,
          serial_corexii_hall, corexii_hall_statues_l, corexii_hall_statues_u,
          chequers_hall_statues_corner_a, chequers_hall_statues_wall_a,
          serial_shops, shop
D:9:      layout_roguey, eat_drink_and_be_merry_uskayaw,
          mainiacjoe_overflow_divided_tiny, minmay_orc_entry_guard_dogs,
          lemuel_flame_loot_1

Skill      XL: |  1  2  3  4  5  6  7  8  9 10 |
---------------+-------------------------------+-----
Fighting       | 1 2 4 5 7 9 |  9.3
Conjurations   | 2 3 4 5 6 7 |  7.4
Spellcasting   | 3 4 5 |  5.2
Fire Magic     | 4 5 7 |  7.9
Shields        | 2 4 |  4.0
Dodging        | 2 |  2.5
Staves         | 1 |  1.7
Poison Magic   | 1 |  1.9
Stealth        | |  2.4

Action                   |  1- 3 |  4- 6 |  7- 9 | 10-12 || total
-------------------------+-------+-------+-------+-------++-------
Melee: Unarmed           |     3 |       |       |       ||     3
       Bite              |     2 |    13 |     9 |    22 ||    46
       Dagger            |     3 |    44 |    34 |    58 ||   139
       Punch             |       |     1 |       |       ||     1
Throw: Dart              |       |     2 |     7 |       ||     9
 Cast: Foxfire           |    41 |    20 |    38 |    63 ||   162
       Scorch            |    10 |    65 |    99 |    51 ||   225
       Flame Wave        |       |       |       |    13 ||    13
Invok: Potion Petition   |       |       |     2 |       ||     2
Evoke: Wand              |       |     2 |     3 |       ||     5
  Use: Scroll            |       |     3 |     8 |     6 ||    17
 Stab: Distracted        |       |       |     1 |     2 ||     3
       Sleeping          |       |       |       |     2 ||     2
Armor: Robe              |    11 |     5 |    11 |    33 ||    60
Dodge: Dodged            |    12 |    33 |    58 |    64 ||   167
Block: Buckler           |       |       |    17 |    25 ||    42

Table legend: (Time is in decaauts)
 A = Elapsed time spent in this place.
 B = Non-inter-level travel time spent in this place.
 C = Inter-level travel time spent in this place.
 D = Time resting spent in this place.
 E = Time spent auto-exploring this place.
 F = Levels seen in this place.
 G = Mean time per level.
                   A        B        C        D        E       F      G
               +--------+--------+--------+--------+--------+-----+--------+
         Total |  12134 |  11454 |    680 |    293 |   9603 |  10 | 1213.4 |
       Dungeon |  11224 |  10544 |    680 |    293 |   8890 |   9 | 1247.1 |
        Bailey |    909 |    909 |      0 |      0 |    712 |   1 |  909.0 |
               +--------+--------+--------+--------+--------+-----+--------+

Top non-repeatable levels by time:
     D:8: 1563 daAuts
     D:7: 1394 daAuts
     D:2: 1357 daAuts
     D:5: 1314 daAuts
     D:6: 1280 daAuts
     D:4: 1264 daAuts
     D:3: 1196 daAuts
     D:1: 1088 daAuts
  Bailey: 909 daAuts
     D:9: 765 daAuts
